 Dungeon Sprint DCSS version 0.27-a0-406-g23f261fbd2 (webtiles) character file.

Game seed: 2219128171029209135

3596 mhtbhm the Severer (level 10, -6/156 HPs)
             Began as a Hill Orc Berserker on Feb 23, 2021.
             Was the Champion of Trog.
             Mangled by a manticore (8 damage)
             ... in the Dungeon (Sprint VII: "The Pits").
             The game lasted 00:02:34 (1228 turns).

mhtbhm the Severer (Hill Orc Berserker)             Turns: 1228, Time: 00:02:35

Health: -6/156     AC: 17    Str: 24    XL:     10   Next: 10%
Magic:  10/10      EV: 11    Int:  7    God:    Trog [******]
Gold:   0          SH:  0    Dex: 10    Spells: 9/9 levels left

rFire    . . .     SeeInvis .   a - +2 battleaxe (vorpal)
rCold    . . .     Faith    .   (shield currently unavailable)
rNeg     . . .     Spirit   .   b - +4 chain mail
rPois    .         Reflect  .   p - +0 helmet
rElec    .         Harm     .   (no cloak)
rCorr    .         Rampage  .   (no gloves)
Will     .....     NoTele   +   (no boots)
Stlth    ..........             (no amulet)
HPRegen  0.36/turn              (no ring)
MPRegen  0.12/turn              (no ring)

@: berserking, very quick
A: no striking features
a: Renounce Religion, Berserk, Trog's Hand, Brothers in Arms


You were in the Dungeon.
You worshipped Trog.
Trog was exalted by your worship.
You visited 1 branch

Inventory:

Hand Weapons
 a - a +2 vorpal battleaxe (weapon)
Missiles
 k - 3 throwing nets (quivered)
Armour
 b - a +4 chain mail (worn)
 p - a +0 helmet (worn)
Jewellery
 l - a +3 ring of evasion
 m - a +3 ring of evasion
Scrolls
 h - a scroll of blinking
 j - a scroll of summoning
Potions
 c - 8 potions of curing
 d - 7 potions of heal wounds
 e - 3 potions of haste
 f - 4 potions of magic
 g - 3 potions of berserk rage
 i - 2 potions of invisibility
 n - a potion of might
 o - a potion of mutation


   Skills:
 + Level 14.7 Fighting
 + Level 18.1 Axes
 + Level 9.9 Armour
 + Level 7.4 Dodging
 + Level 1.7 Stealth


You had 9 spell levels left.
You didn't know any spells.
Your spell library was empty.

Dungeon Overview and Level Annotations

Branches:
Dungeon (1/1)

Altars:
Cheibriados
Dithmenos
Elyvilon
Fedhas
Gozag
Hepliaklqana
Makhleb
Nemelex Xobeh
Okawaru
Qazlal
Ru
Sif Muna
Trog
Wu Jian
Xom
Yredelemnul
Zin
The Shining One
Jiyva


Message History

You feel yourself moving faster!
You feel mighty! The harpy misses you. The harpy claws you but does no damage.
The harpy misses you. The harpy claws you!
* * * LOW HITPOINT WARNING * * *
The harpy misses you. The harpy barely misses you.
The harpy closely misses you. The harpy claws you but does no damage.
The harpy barely misses you. The harpy misses you.
The harpy claws you but does no damage. The harpy closely misses you.
The manticore bites you!
* * * LOW HITPOINT WARNING * * *
The manticore completely misses you. The manticore barely misses you.
You barely miss the manticore.
The manticore is moderately wounded.
You hit the harpy. You slice the harpy!!
You kill the harpy!
Trog accepts your kill.
You slice the harpy!! You hit the harpy. The harpy closely misses you.
The harpy claws you.
* * * LOW HITPOINT WARNING * * *
The harpy claws you.
* * * LOW HITPOINT WARNING * * *
The harpy claws you.
* * * LOW HITPOINT WARNING * * *
Your Axes skill increases to level 18!
You have reached level 10!
You feel stronger.
You slice the manticore!!
The manticore is almost dead.
You slice the harpy!!
You kill the harpy!
Trog accepts your kill.
You closely miss the harpy. You hit the harpy. The harpy misses you.
The harpy claws you but does no damage. The harpy completely misses you.
The harpy claws you.
* * * LOW HITPOINT WARNING * * *
The manticore bites you!
* * * LOW HITPOINT WARNING * * *
The manticore claws you but does no damage.
The manticore claws you!
You die...

########################
..)............H.H......
..†............†@H......
#############++#########


You could see a manticore and 2 harpies.

Vanquished Creatures
  Harold (D)
  2 harpies (D)
  A deep elf pyromancer (D)
  A wolf spider (D)
  An orc sorcerer (D)
  A gargoyle (D)
  A warg (D)
  An acid dragon (D)
  A necrophage (D)
  4 wolves (D)
  A phantom (D)
  2 hounds (D)
  2 orc priests (D)
  Jessica (D)
  An orc wizard (D)
  A gnoll (D)
  2 adders (D)
  A white imp (D)
  An ooze (D)
  3 orcs (D)
  A ball python (D)
  A bat skeleton (D)
  2 goblins (D)
  2 quokkas (D)
  A bat (D)
  A frilled lizard (D)
  A jackal skeleton (D)
  A rat (D)
39 creatures vanquished.

Notes
Turn   | Place    | Note
-------+----------+-------------------------------------------
     0 | D        | mhtbhm the Hill Orc Berserker began the quest for the Orb.
     0 | D        | Reached XP level 1. HP: 19/19 MP: 1/1
    52 | D        | Reached ** piety under Trog
    70 | D        | Reached skill level 5 in Fighting
    70 | D        | Reached skill level 5 in Axes
    70 | D        | Reached XP level 2. HP: 23/29 MP: 2/2
    70 | D        | Reached *** piety under Trog
    70 | D        | Noticed a necrophage
    82 | D        | Killed a necrophage
    83 | D        | Reached skill level 8 in Axes
    83 | D        | Reached XP level 3. HP: 39/39 MP: 3/3
    83 | D        | Reached XP level 4. HP: 47/47 MP: 4/4
   192 | D        | Found a bloodstained altar of Trog.
   192 | D        | Found a shimmering blue altar of Sif Muna.
   192 | D        | Found a viscous altar of Jiyva.
   192 | D        | Found a hazy altar of Hepliaklqana.
   192 | D        | Found an opulent altar of Gozag.
   214 | D        | Noticed a warg
   216 | D        | Noticed Jessica
   218 | D        | Killed Jessica
   218 | D        | Reached **** piety under Trog
   219 | D        | Reached skill level 9 in Axes
   219 | D        | Reached XP level 5. HP: 53/53 MP: 5/5
   219 | D        | Killed a warg
   220 | D        | Reached skill level 10 in Axes
   220 | D        | Reached XP level 6. HP: 63/63 MP: 6/6
   223 | D        | Reached skill level 11 in Axes
   223 | D        | Reached skill level 5 in Armour
   288 | D        | Reached ***** piety under Trog
   291 | D        | Noticed a deep elf pyromancer
   297 | D        | Killed a deep elf pyromancer
   298 | D        | Reached skill level 13 in Axes
   298 | D        | Reached skill level 5 in Dodging
   298 | D        | Reached XP level 7. HP: 74/74 MP: 7/7
   441 | D        | Reached skill level 14 in Axes
   442 | D        | Received a gift from Trog
   613 | D        | Noticed a gargoyle
   613 | D        | Noticed Harold
   623 | D        | Killed a gargoyle
   624 | D        | Reached XP level 8. HP: 83/83 MP: 8/8
   631 | D        | Killed Harold
   632 | D        | Reached skill level 16 in Axes
   632 | D        | Reached skill level 1 in Stealth
   632 | D        | Reached XP level 9. HP: 93/93 MP: 9/9
   756 | D        | Found a glowing golden altar of the Shining One.
   756 | D        | Found a glowing silver altar of Zin.
   756 | D        | Found a basalt altar of Yredelemnul.
   756 | D        | Found a shimmering altar of Xom.
   756 | D        | Found an ornate altar of the Wu Jian Council.
   756 | D        | Found a sacrificial altar of Ru.
   756 | D        | Found a stormy altar of Qazlal.
   756 | D        | Found an iron altar of Okawaru.
   756 | D        | Found a sparkling altar of Nemelex Xobeh.
   756 | D        | Found a burning altar of Makhleb.
   756 | D        | Found a blossoming altar of Fedhas.
   756 | D        | Found a white marble altar of Elyvilon.
   756 | D        | Found a shadowy altar of Dithmenos.
   756 | D        | Found a snail-covered altar of Cheibriados.
   796 | D        | Reached ****** piety under Trog
   815 | D        | Received a gift from Trog
   951 | D        | Noticed an orc sorcerer
   956 | D        | Killed an orc sorcerer
   957 | D        | Reached skill level 17 in Axes
  1004 | D        | Noticed a wolf spider
  1012 | D        | Killed a wolf spider
  1217 | D        | Noticed a harpy
  1217 | D        | Noticed a harpy
  1218 | D        | Noticed a harpy
  1218 | D        | Noticed a harpy
  1219 | D        | Noticed a manticore
  1227 | D        | Killed a harpy
  1228 | D        | Reached skill level 18 in Axes
  1228 | D        | Reached XP level 10. HP: 17/104 MP: 10/10
  1228 | D        | Killed a harpy
  1228 | D        | HP: 2/156 [manticore (10)]
  1228 | D        | Mangled by a manticore

Illustrated notes

Levels and vault maps discovered:
D:        pitsprint [storerooms_1, entrance_room_1, metal_vault_8, armoury_2,
          mini_pit_1, grid_room_1, main_hall_1, silver_pit, the_coven_1,
          the_vestibule_1, steel_vault_4, golden_pit, hallway_of_sentries,
          crystal_vault_5, iron_vault_2, final_vault]

Skill      XL: |  1  2  3  4  5  6  7  8  9 |
---------------+----------------------------+-----
Fighting       | 5 7 9 11 12 13 14 | 14.7
Axes           | 5 8 9 10 13 14 16 18 | 18.1
Dodging        | 2 3 4 5 6 7 |  7.4
Armour         | 3 4 6 7 9 |  9.9
Stealth        | 1 |  1.7

Action                   |  1- 3 |  4- 6 |  7- 9 | 10-12 || total
-------------------------+-------+-------+-------+-------++-------
Melee: Hand axe          |    22 |    26 |    62 |       ||   110
       Battleaxe         |       |       |    11 |     1 ||    12
Invok: Berserk           |     1 |     2 |     3 |       ||     6
  Use: Potion            |       |       |     1 |       ||     1
Armor: Animal skin       |     4 |       |       |       ||     4
       Ring mail         |       |     9 |     3 |       ||    12
       Chain mail        |       |       |    49 |     2 ||    51
Dodge: Dodged            |    18 |     7 |    59 |     2 ||    86

Table legend: (Time is in decaauts)
 A = Elapsed time spent in this place.
 B = Non-inter-level travel time spent in this place.
 C = Inter-level travel time spent in this place.
 D = Time resting spent in this place.
 E = Time spent auto-exploring this place.
 F = Levels seen in this place.
 G = Mean time per level.
                   A        B        C        D        E       F      G
               +--------+--------+--------+--------+--------+-----+--------+
         Total |   1237 |   1237 |      0 |    696 |    132 |   1 | 1237.0 |
       Dungeon |   1237 |   1237 |      0 |    696 |    132 |   1 | 1237.0 |
               +--------+--------+--------+--------+--------+-----+--------+

Top non-repeatable levels by time:
       D: 1237 daAuts
